Map: Lost and Found LE

Players

JackO

  • Race: Protoss Protoss
  • Spawn Location: 7:00

Future - Winner!

  • Race: Terran Terran
  • Spawn Location: 1:00

Event: WCS Montreal 2018

VOD

Have the link to the VOD?

Description

Time

  • Played on: Sept. 7, 2018, 12:40 p.m.
  • Length: 11:47

All games in this series

Show
View Real Time Build Order
Export as new Build Order

JackO Protoss 

Build Orders: Oracle Opening 

Get SALT Encoding   

  12  0:00  Probe  
  13  0:12  Probe  
  14  0:17  Pylon  
  14  0:23  Probe  
  15  0:32  Probe  
  15  0:40  Probe  
  15  0:41  Gateway  
  17  0:50  Assimilator  
  17  0:52  Probe  
  18  1:04  Probe  
  19  1:13  Probe  
  20  1:21  Probe  
  20  1:28  Cybernetics Core  
  21  1:33  Probe  
  21  1:39  Pylon  
  22  1:44  Assimilator  
  22  1:45  Probe  
  23  1:57  Adept  
  23  1:58  Probe  
  25  2:10  Probe  
  26  2:19  Nexus  
  26  2:23  Adept  
  28  2:34  Probe  
  29  2:41  Warp Gate  
  29  2:42  Stargate  
  29  2:46  Probe  
  30  3:02  Pylon  
  30  3:09  Probe  
  30  3:13  Pylon  
  30  3:16  Oracle  
  30  3:19  Stalker  
  32  3:28  Probe  
  36  3:34  Probe  
  36  3:40  Probe  
  36  3:47  Gateway  
  36  3:49  Oracle  
  36  3:50  Probe  
  36  3:51  Gateway  
  36  3:54  Probe  
  41  4:04  Probe  
  41  4:07  Probe  
  43  4:16  Probe  
  44  4:18  Pylon  
  44  4:19  Probe  
  44  4:23  Phoenix  
  45  4:28  Probe  
  49  4:31  Probe  
  46  4:40  Probe  
  46  4:43  Phoenix, Probe  
  48  4:50  Stalker x3  
  56  4:57  Probe x2  
  58  5:03  Assimilator  
  51  5:15  Stalker x3  
  57  5:24  Phoenix, Probe  
  57  5:25  Probe  
  59  5:39  Stalker, Probe, Zealot x2  
  63  5:43  Probe  
  63  5:48  Probe  
  65  5:51  Phoenix  
  65  5:52  Assimilator  
  65  5:56  Nexus  
  68  5:58  Probe  
  69  6:10  Stalker  
  69  6:14  Phoenix  
  67  6:22  Probe  
  66  6:31  Phoenix  
  62  6:37  Probe x2  
  60  6:48  Stalker x3  
  60  6:49  Probe x2  
  68  6:55  Robotics Facility  
  68  7:01  Probe  
  68  7:02  Probe  
  66  7:09  Phoenix  
  66  7:30  Probe x2  
  66  7:31  Probe  
  66  7:35  Twilight Council  
  66  7:36  Forge  
  69  7:40  Gateway  
  69  7:41  Gateway  
  69  7:42  Pylon, Probe  
  69  7:43  Immortal, Gateway  
  70  7:44  Pylon  
  70  7:50  Probe x2  
  72  7:54  Sentry x2, Zealot  
  72  7:58  Probe  
  83  8:01  Protoss Ground Armor Level 1  
  83  8:02  Probe  
  83  8:04  Shield Battery  
  84  8:08  Charge  
  84  8:19  Zealot x3, Observer  
  91  8:34  Immortal  
  91  8:39  Stalker x3  
  97  8:51  Phoenix  
  83  9:01  Zealot x3  
  83  9:02  Zealot x3  
  91  9:07  Observer  
  91  9:08  Gateway  
  95  9:10  Gateway  
  95  9:12  Probe x2  
  95  9:15  Phoenix  
  100  9:21  Probe  
  101  9:38  Zealot x5  
  83  9:53  Phoenix  
  83  9:57  Zealot  
  77  10:02  Zealot x5  
  85  10:11  Zealot x2  
  89  10:20  Phoenix  
  89  10:25  Zealot  
  89  10:26  Zealot x2  
  89  10:27  Zealot x2  
  60  10:38  Zealot x3  
  52  10:51  Stalker  
  52  10:52  Stalker, Zealot  
  52  10:53  Sentry  
  48  11:08  Zealot x4  
  44  11:17  Stalker x2  
  44  11:22  Zealot  
  42  11:30  Sentry x2  
  42  11:31  Sentry x2  
  44  11:41  Zealot  
  44  11:44  Zealot  
Show
View Real Time Build Order
Export as new Build Order

Future Terran - Winner!

Build Orders: MMM Bio 

Get SALT Encoding   

  12  0:00  SCV  
  13  0:12  SCV  
  14  0:18  Supply Depot  
  14  0:25  SCV  
  15  0:39  SCV  
  15  0:41  Barracks  
  16  0:45  Refinery  
  16  0:51  SCV  
  17  1:00  Engineering Bay  
  18  1:04  SCV  
  18  1:16  SCV  
  19  1:28  Reaper, Orbital Command  
  20  1:58  SCV  
  21  2:03  Command Center  
  21  2:05  Barracks Reactor  
  21  2:11  SCV  
  21  2:12  Supply Depot  
  22  2:18  Refinery  
  22  2:23  SCV  
  22  2:24  Factory  
  23  2:35  SCV  
  24  2:41  Marine  
  24  2:42  Marine  
  26  2:47  SCV  
  26  2:59  SCV  
  26  3:01  Marine x2  
  26  3:03  Supply Depot  
  29  3:11  SCV  
  31  3:16  Starport  
  29  3:21  Marine x2  
  29  3:24  Cyclone  
  34  3:27  SCV  
  34  3:39  SCV, Marine x2  
  36  3:51  SCV  
  36  3:53  Orbital Command  
  36  3:54  Viking  
  39  3:57  Cyclone  
  42  4:02  Marine  
  42  4:03  SCV, Marine  
  42  4:07  Supply Depot  
  45  4:15  SCV  
  46  4:18  SCV  
  46  4:20  Marine x2  
  49  4:28  Viking  
  49  4:30  Cyclone  
  54  4:34  Engineering Bay  
  54  4:36  SCV  
  54  4:38  SCV  
  56  4:39  Marine x2  
  58  4:47  Supply Depot  
  58  4:49  Supply Depot  
  58  4:52  SCV x2  
  60  4:57  Marine x2  
  62  5:09  Barracks x2  
  62  5:10  SCV  
  62  5:12  SCV  
  58  5:15  Factory Tech Lab, Starport Tech Lab  
  58  5:17  Bunker  
  53  5:22  SCV  
  53  5:23  Marine x2  
  53  5:24  SCV  
  50  5:36  SCV  
  50  5:38  Terran Infantry Weapons Level 1  
  50  5:40  SCV  
  50  5:41  Marine  
  50  5:42  Marine  
  51  5:43  Bunker  
  51  5:44  Starport Reactor  
  51  5:48  Factory Reactor  
  51  5:49  Refinery  
  51  5:50  SCV  
  51  5:52  SCV  
  53  5:59  Marine x2  
  53  6:03  SCV  
  56  6:06  Combat Shields  
  56  6:07  Stimpack  
  56  6:09  Marauder x2  
  56  6:10  SCV  
  61  6:15  SCV  
  61  6:17  Marine  
  63  6:20  Marine  
  61  6:28  Medivac x2  
  61  6:30  Marauder  
  61  6:31  Marauder, SCV  
  66  6:33  SCV  
  66  6:35  Marine  
  60  6:43  SCV  
  60  6:44  Marine  
  60  6:46  SCV  
  62  6:49  Widow Mine x2  
  62  6:52  Marauder x2, Marine  
  71  6:55  SCV  
  71  6:56  Bunker  
  71  6:58  SCV  
  73  7:02  Marine  
  73  7:07  SCV  
  70  7:10  Marine  
  70  7:11  SCV  
  70  7:12  Widow Mine x2  
  70  7:13  Marauder x2  
  78  7:19  Medivac, Supply Depot x2  
  78  7:20  SCV  
  80  7:23  Marine  
  80  7:25  SCV  
  80  7:28  Marine  
  79  7:34  Widow Mine x2  
  79  7:36  Marauder  
  85  7:40  Concussive Shells, Marine  
  85  7:41  Marauder  
  85  7:43  Terran Infantry Armor Level 1  
  88  7:46  Missile Turret, Marine  
  88  7:50  Liberator  
  88  7:52  Missile Turret  
  88  7:59  Liberator  
  88  8:01  Marine x2  
  88  8:02  Marine  
  88  8:04  Marine  
  92  8:12  Supply Depot  
  95  8:14  Supply Depot  
  95  8:19  Widow Mine, Marine x2  
  102  8:24  Widow Mine  
  102  8:25  Supply Depot  
  104  8:30  Marauder, Marine  
  107  8:37  Marauder  
  107  8:39  Marine  
  110  8:42  Widow Mine  
  110  8:48  Marine  
  111  8:51  Marine  
  91  8:57  Marine  
  91  8:58  Marine  
  92  9:04  Medivac x2  
  92  9:05  Marine  
  92  9:07  SCV  
  92  9:08  SCV  
  92  9:09  Marauder  
  98  9:11  Widow Mine x2  
  98  9:17  Marauder  
  104  9:18  Marine  
  105  9:30  Marauder  
  96  9:43  Marauder, Marine x2  
  97  9:46  Bunker x2  
  97  9:52  SCV x2  
  93  10:02  Bunker  
  93  10:08  SCV x2  
  95  10:14  Medivac  
  95  10:20  SCV  
  95  10:21  SCV  
  91  10:33  SCV x2  
  81  10:45  Marauder x2, Marine x2  
  81  10:48  Widow Mine x2  
  84  11:06  Marauder  
  84  11:07  Marauder  
  84  11:09  Widow Mine x2  
  85  11:19  Marine x2  
  93  11:27  SCV x2  
  93  11:32  Bunker  
Tags
 
Add a new tag
Caveats
  • Supply blocks, unpowered buildings, or Contaminate may cause inaccurate times.
  • Supply counts are checked every 10 seconds.